[Event "Titled Tuesday Blitz December 13 Early 2022"]
[White "Krishnan, Varun"]
[Black "Winkels, Marcel"]
[WhiteFideId "5054508"]
[BlackFideId "1003887"]
[WhiteElo "2541"]
[BlackElo "1900"]
[Result "1-0"]
[Round "01"]
[TimeControl "180+1"]
[Date "2022.12.14"]
[WhiteClock "0:00:44"]
[BlackClock "0:00:02"]

1. e4 c5 2. Nf3 d6 3. d4 cxd4 4. Nxd4 Nf6 5. Nc3 a6 6. Bg5 e6 7. f4 Be7 8. Qf3 Qc7 9. O-O-O Nbd7 10. g4 h6 11. Bxf6 Bxf6 12. h4 Nb6 13. g5 Bxd4 14. Rxd4 Bd7 15. Rg1 O-O-O 16. g6 f6 17. Bh3 e5 18. Rd3 Bxh3 19. Qxh3+ Kb8 20. fxe5 dxe5 21. Rgd1 Rc8 22. Qe6 Rhe8 23. Qb3 Red8 24. Rxd8 Rxd8 25. Rxd8+ Qxd8 26. Qf7 Qd4 27. a3 Qg1+ 28. Nd1 Qg2 29. Qxg7 Ka7 30. Qf7 Qxe4 31. g7 Qf4+ 32. Kb1 Qd2 33. g8=Q Qxd1+ 34. Ka2 Qxc2 35. Qfe8 Nc4 36. Qb8+ Kb6 37. Qe6+ Ka5 38. Qc7+ Ka4 39. Qcxc4+ 1-0


[Site "https://www.chess.com"]

[Event "Titled Tuesday Blitz December 13 Early 2022"]
[White "Krzywda, Andrzej"]
[Black "Aradhya, Garg"]
[WhiteFideId "1114565"]
[BlackFideId "25006746"]
[WhiteElo "2149"]
[BlackElo "2278"]
[Result "0-1"]
[Round "01"]
[TimeControl "180+1"]
[Date "2022.12.14"]
[WhiteClock "0:00:09"]
[BlackClock "0:00:45"]

1. d4 d5 2. c4 c6 3. Nf3 Nf6 4. Nc3 dxc4 5. a4 Bf5 6. e3 e6 7. Bxc4 Bb4 8. O-O O-O 9. Nh4 Nbd7 10. Nxf5 exf5 11. Qc2 Nb6 12. Bb3 Qd7 13. a5 Nbd5 14. Nxd5 cxd5 15. Bd2 Rac8 16. Qd3 Bxd2 17. Qxd2 Qb5 18. Ba4 Ne4 19. Bxb5 Nxd2 20. Rfe1 Rc2 21. Bd3 Rxb2 22. Bxf5 g6 23. Bd3 Rb3 24. Be2 Rc8 25. Rec1 Rxc1+ 26. Rxc1 Ra3 27. a6 bxa6 28. h4 Ne4 29. f3 Ng3 30. Bd1 Nf5 31. Kf2 Nxe3 32. Be2 Nf5 33. Rc6 Nxd4 34. Rxa6 Rxa6 35. Bxa6 Nf5 36. h5 gxh5 37. Ke2 Kf8 38. Kd3 Ke7 39. Bc8 Nh4 40. Kd4 Kd6 41. Bb7 Nf5+ 42. Kd3 a5 43. Kc3 Kc5 44. Bc8 Ne3 45. g4 hxg4 46. fxg4 d4+ 47. Kd3 a4 48. g5 a3 0-1


[Site "https://www.chess.com"]

[Event "Titled Tuesday Blitz December 13 Early 2022"]
[White "Kuchava, Ana"]
[Black "Ashraf, Artin"]
[WhiteFideId "13605348"]
[BlackFideId "22514805"]
[WhiteElo "2001"]
[BlackElo "2243"]
[Result "0-1"]
[Round "01"]
[TimeControl "180+1"]
[Date "2022.12.14"]
[WhiteClock "0:00:09"]
[BlackClock "0:00:08"]

1. d4 Nf6 2. Nf3 d6 3. c4 Nbd7 4. Nc3 e5 5. e4 c6 6. Be2 exd4 7. Nxd4 Nc5 8. f3 g6 9. O-O Bg7 10. Be3 O-O 11. Qd2 Qe7 12. Rfe1 Rd8 13. Rad1 a5 14. Bf1 Be6 15. Nb3 b6 16. Nxc5 bxc5 17. Bf4 Ne8 18. Kh1 a4 19. Qc2 Qa7 20. e5 dxe5 21. Bxe5 Rxd1 22. Qxd1 Bxe5 23. Rxe5 Qb8 24. Qe2 Qd6 25. Qe3 Qd4 26. Ne2 Qxe3 27. Rxe3 Bxc4 28. Rc3 Bxa2 29. Rxc5 Bd5 30. Kg1 Rb8 31. Nc3 Rxb2 32. Nxd5 cxd5 33. Rxd5 a3 34. Ra5 a2 35. Ra8 Kg7 36. h3 Nd6 37. Kh2 Nf5 38. Bc4 Ne3 39. Bxa2 Rxg2+ 40. Kh1 Rg3 41. Ra7 Rxh3+ 42. Kg1 Rxf3 43. Ra3 Rf1+ 44. Kh2 Ng4+ 45. Kg2 Rf6 46. Ra7 h5 47. Kg3 Ne3 48. Bb3 Nf5+ 49. Kg2 g5 50. Kh2 g4 51. Kg2 Kg6 52. Bc2 Kg5 53. Ra5 h4 54. Kh2 Kf4 55. Kg2 Ne3+ 56. Kf2 Nxc2 57. Ke2 Nd4+ 58. Kd3 Nf3 59. Ra4+ Kg3 0-1


[Site "https://www.chess.com"]

[Event "Titled Tuesday Blitz December 13 Early 2022"]
[White "Kuderinov, Kirill"]
[Black "Todorovic, Bojan"]
[WhiteFideId "13701568"]
[BlackFideId "917087"]
[WhiteElo "2459"]
[BlackElo "2266"]
[Result "0-1"]
[Round "01"]
[TimeControl "180+1"]
[Date "2022.12.14"]
[WhiteClock "0:01:05"]
[BlackClock "0:01:14"]

1. e4 g6 2. d4 Bg7 3. Nf3 d6 4. Nc3 a6 5. Be2 Nd7 6. O-O b5 7. a4 b4 8. Nd5 Bb7 9. Bd3 c5 10. c3 e6 11. Nf4 Ngf6 12. Re1 O-O 13. h3 cxd4 14. cxd4 e5 15. Ne2 Nxe4 16. Bxe4 Bxe4 17. Ng3 Bxf3 18. Qxf3 exd4 19. Qd5 Nb6 20. Qb3 a5 21. Ne4 d5 22. Bg5 Qd7 23. Nf6+ Bxf6 24. Bxf6 Rfe8 25. Bxd4 Nc4 26. Qd3 Qf5 27. Qd2 Nxd2 0-1


[Site "https://www.chess.com"]

[Event "Titled Tuesday Blitz December 13 Early 2022"]
[White "Kuzmin, Roman"]
[Black "Madaminov, Mukhiddin"]
[WhiteFideId "44134932"]
[BlackFideId "14210703"]
[WhiteElo "2180"]
[BlackElo "2333"]
[Result "1-0"]
[Round "01"]
[TimeControl "180+1"]
[Date "2022.12.14"]
[WhiteClock "0:00:13"]
[BlackClock "0:00:01"]

1. e4 e6 2. d4 d5 3. Nc3 Nf6 4. Bg5 Bb4 5. e5 h6 6. Bd2 Bxc3 7. Bxc3 Ne4 8. Bd2 c5 9. Be3 cxd4 10. Bxd4 Nc6 11. f3 Ng5 12. h4 Nh7 13. c3 O-O 14. Bd3 f6 15. Qc2 f5 16. Ne2 Bd7 17. Nf4 Rc8 18. Bc5 Re8 19. Bd6 Qb6 20. Qf2 Nd8 21. Qxb6 axb6 22. Ng6 Nf7 23. Bb4 Rc5 24. Bxc5 bxc5 25. Kf2 Nf8 26. Nxf8 Kxf8 27. f4 Ke7 28. b4 c4 29. Be2 Ra8 30. a4 Nd8 31. Bd1 Be8 32. Ke3 h5 33. Bc2 g6 34. a5 Bb5 35. Ba4 Bxa4 36. Rxa4 Kd7 37. b5 Kc7 38. Rha1 Kd7 39. Kd4 Rc8 40. a6 b6 41. a7 Ra8 42. Ra6 Kc7 43. R1a2 Nb7 44. Rf2 Nc5 45. Ra3 Nb3+ 46. Ke3 Na5 47. Rf3 Rxa7 48. Rg3 Ra8 49. Rxg6 Rd8 50. Rg5 Rh8 51. Kf3 Kd7 52. Ra1 Ke7 53. Rg7+ Kd8 54. Ra7 Rh6 55. Ra6 Kc7 56. Ra7+ Kb8 57. Rg7 Kc8 58. Rh1 Nb3 59. Rh3 Nd2+ 60. Ke3 Ne4 61. Kd4 Kd8 62. Rh1 Nc5 63. Rf1 Nb3+ 64. Ke3 Ke8 65. Rf3 Nc5 66. Rfg3 Ne4 67. Rg8+ Kf7 68. R3g7# 1-0


[Site "https://www.chess.com"]

[Event "Titled Tuesday Blitz December 13 Early 2022"]
[White "Lacasa Diaz, Jose Antonio"]
[Black "Danielyan, Vahe"]
[WhiteFideId "2203375"]
[BlackFideId "13304828"]
[WhiteElo "2338"]
[BlackElo "2423"]
[Result "1-0"]
[Round "01"]
[TimeControl "180+1"]
[Date "2022.12.14"]
[WhiteClock "0:00:19"]
[BlackClock "0:00:05"]

1. e4 e5 2. Nf3 d6 3. Bc4 Be7 4. O-O Nf6 5. d3 O-O 6. Re1 c6 7. Bb3 Bg4 8. Nbd2 Nbd7 9. h3 Bh5 10. Nf1 Nc5 11. Ng3 Bg6 12. Nh4 a5 13. c3 Nxb3 14. axb3 Re8 15. Nhf5 Bf8 16. Qf3 d5 17. Bg5 Re6 18. c4 dxe4 19. dxe4 h6 20. Rad1 hxg5 21. Rxd8 Rxd8 22. Rd1 Rxd1+ 23. Qxd1 Bxf5 24. exf5 Rd6 25. Qe2 Rd8 26. Qxe5 g4 27. Qe2 gxh3 28. gxh3 Bc5 29. Kg2 Bd4 30. Qe7 Rd7 31. Qe2 Kf8 32. h4 Re7 33. Qd2 c5 34. Qxa5 Ng4 35. Qa8+ Re8 36. Qxb7 Nxf2 37. b4 Ng4 38. bxc5 Bxc5 39. b4 Bd4 40. Qd7 Be5 41. c5 Nf6 42. Qd3 Ra8 43. b5 Ng4 44. b6 Ra2+ 45. Kf3 Nh2+ 46. Ke4 f6 47. c6 Ng4 48. Qd8+ Kf7 49. c7 Ra4+ 50. Kf3 Rf4+ 51. Ke2 Rf2+ 52. Ke1 Bxg3 53. Qd7+ Kg8 54. c8=Q+ Kh7 55. Qce8 Rf4+ 56. Kd1 Nf2+ 57. Kc1 Rc4+ 58. Kb2 Rb4+ 59. Ka3 Rxh4 60. Qg6+ Kh8 61. Qde8# 1-0


[Site "https://www.chess.com"]

[Event "Titled Tuesday Blitz December 13 Early 2022"]
[White "Larina, Maria"]
[Black "Ezat, Mohamed"]
[WhiteFideId "24113182"]
[BlackFideId "10600906"]
[WhiteElo "1848"]
[BlackElo "2388"]
[Result "0-1"]
[Round "01"]
[TimeControl "180+1"]
[Date "2022.12.14"]
[WhiteClock "0:00:52"]
[BlackClock "0:01:01"]

1. e4 c6 2. d4 d5 3. f3 dxe4 4. fxe4 e5 5. Nf3 Nf6 6. Bc4 exd4 7. O-O Be7 8. Ne5 O-O 9. Nxf7 Rxf7 10. Bxf7+ Kxf7 11. e5 Qd5 12. exf6 Bxf6 13. Nd2 Bf5 14. Nf3 h6 15. Bf4 Nd7 16. Qd2 Nc5 17. Qc3 dxc3 0-1


[Site "https://www.chess.com"]

[Event "Titled Tuesday Blitz December 13 Early 2022"]
[White "Le Ruyet, Leopold"]
[Black "Ibarra Jerez, Jose Carlos"]
[WhiteFideId "645923"]
[BlackFideId "2226332"]
[WhiteElo "2276"]
[BlackElo "2638"]
[Result "0-1"]
[Round "01"]
[TimeControl "180+1"]
[Date "2022.12.13"]
[WhiteClock "0:00:28"]
[BlackClock "0:01:08"]

1. e4 c5 2. Nc3 a6 3. g3 b5 4. Bg2 Bb7 5. Nge2 e6 6. d4 cxd4 7. Nxd4 Ne7 8. O-O Nec6 9. Nde2 d6 10. Be3 Nd7 11. f4 Be7 12. f5 Nde5 13. fxe6 fxe6 14. Nf4 Bc8 15. Bh3 Bg5 16. Qe2 Qe7 17. Qh5+ g6 18. Qe2 O-O 19. Rad1 Nc4 20. Bc1 Bd7 21. Ncd5 exd5 22. Nxd5 Bxh3 23. Nxe7+ Bxe7 24. Rxf8+ Rxf8 25. b3 N4e5 26. Bf4 Bg4 27. Qf1 g5 28. Rd5 gxf4 29. gxf4 Nf3+ 30. Kh1 Rxf4 31. h3 Bxh3 32. Qxh3 Rh4 0-1


[Site "https://www.chess.com"]

[Event "Titled Tuesday Blitz December 13 Early 2022"]
[White "Lehtosaari, Mauri"]
[Black "Bluebaum, Matthias"]
[WhiteFideId "501999"]
[BlackFideId "24651516"]
[WhiteElo "2514"]
[BlackElo "2634"]
[Result "0-1"]
[Round "01"]
[TimeControl "180+1"]
[Date "2022.12.13"]
[WhiteClock "0:00:24"]
[BlackClock "0:00:49"]

1. d4 d5 2. Nf3 Nf6 3. Bg5 Ne4 4. Bf4 c5 5. e3 Nc6 6. c3 Qb6 7. Qb3 c4 8. Qxb6 axb6 9. Nfd2 Nxd2 10. Nxd2 b5 11. e4 e6 12. Be2 b4 13. Bf3 bxc3 14. bxc3 Ra5 15. Bc7 Ra3 16. Nb1 Ra4 17. exd5 exd5 18. Bxd5 Be6 19. Bxe6 fxe6 20. O-O Kd7 21. Bg3 Be7 22. Nd2 Rha8 23. Rfb1 Kc8 24. h3 R8a5 25. Rb6 Bd8 26. Rb2 b5 27. Ne4 Be7 28. Bd6 Bxd6 29. Nxd6+ Kd7 30. Nxb5 Ne7 31. g3 Kc6 32. d5+ Nxd5 33. Nd4+ Kd6 34. Re1 e5 35. Nf5+ Kc6 36. Rxe5 Nxc3 37. Rb8 Rxe5 0-1


[Site "https://www.chess.com"]

[Event "Titled Tuesday Blitz December 13 Early 2022"]
[White "Lenderman, Aleksandr"]
[Black "Winterberg, Lukas"]
[WhiteFideId "2021285"]
[BlackFideId "24622702"]
[WhiteElo "2607"]
[BlackElo "2350"]
[Result "1-0"]
[Round "01"]
[TimeControl "180+1"]
[Date "2022.12.13"]
[WhiteClock "0:01:21"]
[BlackClock "0:00:13"]

1. e4 e6 2. d4 d5 3. exd5 exd5 4. Nf3 Nf6 5. Bd3 c5 6. O-O c4 7. Re1+ Be7 8. Bf1 O-O 9. b3 cxb3 10. axb3 Nc6 11. h3 Bf5 12. c3 Ne4 13. Bd3 Re8 14. Bb2 a6 15. Re3 Rc8 16. Nbd2 Bf6 17. Qe2 Nxd2 18. Bxf5 Rxe3 19. Qxe3 Nxf3+ 20. Qxf3 Rc7 21. Re1 Re7 22. Rxe7 Nxe7 23. Bd3 Qd6 24. b4 g6 25. Bc1 Qe6 26. Bd2 Bg7 27. g4 Nc8 28. Kg2 Nd6 29. Bf4 Ne4 30. c4 Nf6 31. c5 Ne4 32. Be3 h6 33. Qf4 Kh7 34. Qc7 Nc3 35. Qxb7 Nd1 36. Bf4 Bxd4 37. Bg3 Kg7 38. Qxa6 Qe1 39. Qa2 Qxb4 40. c6 Qc5 41. c7 Nc3 42. Qa6 1-0


[Site "https://www.chess.com"]

[Event "Titled Tuesday Blitz December 13 Early 2022"]
[White "Lewicki, Miroslaw"]
[Black "Buscar, Michael"]
[WhiteFideId "1113380"]
[BlackFideId "2603616"]
[WhiteElo "2191"]
[BlackElo "2010"]
[Result "1-0"]
[Round "01"]
[TimeControl "180+1"]
[Date "2022.12.14"]
[WhiteClock "0:00:32"]
[BlackClock "0:00:16"]

1. e4 c5 2. Nf3 Nc6 3. Nc3 Nf6 4. Bb5 g6 5. O-O Bg7 6. Re1 O-O 7. h3 Ne8 8. d3 Nc7 9. Bxc6 bxc6 10. e5 d6 11. Bf4 Ne6 12. Bg3 Nd4 13. b3 Nxf3+ 14. Qxf3 d5 15. Na4 Qa5 16. Bh4 Re8 17. c4 Be6 18. Rad1 dxc4 19. dxc4 Bxc4 20. Qxc6 Rac8 21. Qb7 Rcd8 22. Bxe7 Rxd1 23. Rxd1 Bxe5 24. Bxc5 Be2 25. Rb1 a6 26. Qd7 Qd8 27. Qxd8 Rxd8 28. Re1 Rd1 29. Rxd1 Bxd1 30. Be3 Be2 31. Nc5 Bc3 32. f3 Kf8 33. Kf2 Bb5 34. a4 Bc6 35. Nxa6 Bd5 36. b4 Ke8 37. Nc7+ 1-0


[Site "https://www.chess.com"]

[Event "Titled Tuesday Blitz December 13 Early 2022"]
[White "Makhmudov, Shukhrat"]
[Black "Ambartsumova, Karina"]
[WhiteFideId "14200775"]
[BlackFideId "4166299"]
[WhiteElo "2135"]
[BlackElo "2319"]
[Result "0-1"]
[Round "01"]
[TimeControl "180+1"]
[Date "2022.12.14"]
[WhiteClock "0:00:08"]
[BlackClock "0:00:13"]

1. e4 e5 2. Nf3 Nc6 3. Bc4 Nf6 4. Ng5 d5 5. exd5 Na5 6. d3 h6 7. Nf3 e4 8. Qe2 Nxc4 9. dxc4 Bg4 10. h3 Bh5 11. g4 Bg6 12. Ne5 Bb4+ 13. c3 Bd6 14. Nxg6 fxg6 15. g5 hxg5 16. Bxg5 Qe7 17. Nd2 O-O-O 18. O-O-O Rde8 19. Rde1 Qd7 20. Bxf6 gxf6 21. Qg4 Qxg4 22. hxg4 f5 23. gxf5 gxf5 24. Rxh8 Rxh8 25. f3 Bf4 26. fxe4 Rh2 27. Rd1 fxe4 28. Kc2 e3 29. Kd3 Rxd2+ 30. Rxd2 exd2 31. Ke2 Kd7 32. b4 Kd6 33. a4 a6 34. Kd1 Bg5 35. Ke2 Bh6 36. Kd1 b6 37. Ke2 Ke5 38. Kd1 Bg5 39. Ke2 Ke4 40. d6 cxd6 41. a5 bxa5 42. b5 axb5 43. cxb5 Kd5 44. c4+ Kc5 45. Kd1 a4 46. Kc2 a3 47. Kb3 d1=Q+ 0-1


[Site "https://www.chess.com"]

[Event "Titled Tuesday Blitz December 13 Early 2022"]
[White "Makhnev, Denis"]
[Black "Manukian, Artak"]
[WhiteFideId "13707647"]
[BlackFideId "13301373"]
[WhiteElo "2507"]
[BlackElo "2130"]
[Result "0-1"]
[Round "01"]
[TimeControl "180+1"]
[Date "2022.12.13"]
[WhiteClock "0:00:01"]
[BlackClock "0:00:44"]

1. d4 d5 2. c4 dxc4 3. Nf3 Nf6 4. e3 e6 5. Bxc4 c5 6. O-O a6 7. Be2 b5 8. Ne5 Bb7 9. Bf3 Bxf3 10. Qxf3 Qd5 11. a4 b4 12. Qxd5 exd5 13. dxc5 Bxc5 14. Nd2 Nbd7 15. Nxd7 Kxd7 16. Nb3 Bb6 17. a5 Ba7 18. Bd2 Rab8 19. Rfc1 Rhc8 20. Rxc8 Rxc8 21. Bxb4 Rc2 22. Bc3 Ne4 23. Bxg7 Rxf2 24. Re1 f6 25. Nd4 Rxb2 26. Rf1 Bxd4 27. exd4 Ke6 28. Rc1 Kd7 29. h3 Ra2 30. Rb1 Rxa5 31. Rb7+ Ke6 32. Bh6 Ra1+ 33. Kh2 a5 34. Rxh7 a4 35. Ra7 a3 36. Bf8 a2 37. h4 Nc3 38. Bb4 Nb5 39. Ra6+ Kf5 40. h5 Rb1 41. h6 Kg6 42. Rxa2 Rxb4 43. Ra6 Rxd4 44. Kg3 Kxh6 45. Rxf6+ Kg5 46. Rb6 Nc3 47. Kf2 Kf5 48. Rc6 Ne4+ 49. Ke3 Rc4 50. g4+ Ke5 0-1


[Site "https://www.chess.com"]

[Event "Titled Tuesday Blitz December 13 Early 2022"]
[White "Manelyuk, Daniil"]
[Black "Lauridsen, Jesper Morch"]
[WhiteFideId "44173920"]
[BlackFideId "1401890"]
[WhiteElo "2210"]
[BlackElo "2270"]
[Result "1-0"]
[Round "01"]
[TimeControl "180+1"]
[Date "2022.12.14"]
[WhiteClock "0:01:28"]
[BlackClock "0:00:11"]

1. e4 c5 2. Nf3 d6 3. d4 cxd4 4. Nxd4 Nc6 5. Nc3 Bd7 6. Be3 Nf6 7. f3 g6 8. Qd2 Bg7 9. O-O-O O-O 10. h4 Qa5 11. Kb1 Rfc8 12. g4 Rab8 13. h5 Nxd4 14. Bxd4 b5 15. hxg6 fxg6 16. Bxf6 Bxf6 17. Nd5 Qxd2 18. Nxf6+ exf6 19. Rxd2 Rb6 20. Rdh2 h5 21. gxh5 g5 22. f4 gxf4 23. Rf2 Re8 24. Rxf4 d5 25. Bd3 Rbe6 26. Rhh4 dxe4 27. Rxe4 Bc6 28. Rxe6 Rxe6 29. b3 a5 30. Kb2 a4 31. Kc3 axb3 32. axb3 Bf3 33. Bxb5 Re5 34. Bc4+ Kg7 35. h6+ Kh8 36. Rf4 Re3+ 37. Kd2 Re5 38. Rxf3 Kh7 39. Rxf6 Re7 40. Rf7+ 1-0


[Site "https://www.chess.com"]

[Event "Titled Tuesday Blitz December 13 Early 2022"]
[White "Manukyan, Sargis A."]
[Black "Fabris, Alberto"]
[WhiteFideId "13303970"]
[BlackFideId "801348"]
[WhiteElo "2187"]
[BlackElo "2167"]
[Result "1-0"]
[Round "01"]
[TimeControl "180+1"]
[Date "2022.12.14"]
[WhiteClock "0:01:11"]
[BlackClock "0:00:03"]

1. d4 Nf6 2. c4 e6 3. Nc3 Bb4 4. a3 Bxc3+ 5. bxc3 O-O 6. e3 d6 7. Bd3 e5 8. Ne2 c5 9. O-O Nc6 10. d5 Na5 11. Ng3 b6 12. f4 Re8 13. e4 Ba6 14. fxe5 Rxe5 15. Bf4 Qe7 16. Nf5 Rxf5 17. exf5 Bxc4 18. Re1 Qd7 19. Bxc4 Nxc4 20. Qd3 Na5 21. Qe2 Nxd5 22. Qe4 Qc6 23. c4 Nf6 24. Qxc6 Nxc6 25. Bxd6 Nd4 26. Ra2 Nxf5 27. Be5 Nd7 28. Bc3 h6 29. Rd2 Nf8 30. Rd5 Nh4 31. Re4 Nhg6 32. h4 Ne6 33. h5 Ngf8 34. Bd2 Rc8 35. Be3 Kh7 36. Ree5 Kg8 37. Rf5 Rc7 38. g4 Re7 39. Kf2 Nc7 40. Rd8 Ne6 41. Ra8 Kh7 42. Rd5 f6 43. a4 Kg8 44. a5 Kf7 45. axb6 axb6 46. Rb8 Nd7 47. Rb7 Ne5 48. Rxb6 Nxc4 49. Rb3 Ne5 50. Kg3 c4 51. Ra3 Rc7 52. Bd2 Ng5 53. Bxg5 hxg5 54. Rda5 c3 55. Ra7 Rxa7 56. Rxa7+ Ke6 57. Rc7 g6 58. h6 Nf7 59. h7 f5 60. Rxf7 Kxf7 61. h8=Q c2 62. Qa1 1-0


[Site "https://www.chess.com"]

[Event "Titled Tuesday Blitz December 13 Early 2022"]
[White "Mazurkiewicz, Michal"]
[Black "Lortkipanidze, Nodar"]
[WhiteFideId "1124943"]
[BlackFideId "13604058"]
[WhiteElo "2081"]
[BlackElo "2293"]
[Result "0-1"]
[Round "01"]
[TimeControl "180+1"]
[Date "2022.12.14"]
[WhiteClock "0:00:03"]
[BlackClock "0:00:21"]

1. e4 c5 2. Nf3 d6 3. g3 Nc6 4. Bg2 g6 5. O-O Bg7 6. d3 Bg4 7. h3 Bxf3 8. Qxf3 e6 9. c3 Nge7 10. Be3 O-O 11. Qd1 Rb8 12. a4 a6 13. d4 cxd4 14. cxd4 d5 15. e5 Nf5 16. Qd2 Qb6 17. a5 Qa7 18. Rd1 Rbc8 19. Nc3 Nxe3 20. Qxe3 Nb4 21. Ra4 Nc6 22. Bf1 f6 23. exf6 Rxf6 24. Ne2 Rcf8 25. f4 e5 26. fxe5 Nxe5 27. Bg2 Nf3+ 28. Kh1 Qb8 29. Rf1 Re8 30. Qd3 Ng5 31. Nf4 Ne4 32. Kh2 Qd6 33. Raa1 g5 34. Nh5 Rxf1 35. Rxf1 Bh8 36. Qf3 Qg6 37. Qg4 Bxd4 38. Rd1 Be5 39. Rxd5 Nxg3 40. Nxg3 h5 41. Qf3 h4 42. Rxe5 Rxe5 43. Ne4 Kg7 44. Nf6 Qxf6 45. Qxb7+ Kh6 46. Qc8 Qf4+ 47. Kg1 Re1+ 48. Bf1 Qxf1+ 49. Kh2 Re2# 0-1


[Site "https://www.chess.com"]

[Event "Titled Tuesday Blitz December 13 Early 2022"]
[White "Migot, Tangi"]
[Black "Schut, Han"]
[WhiteFideId "662445"]
[BlackFideId "1005561"]
[WhiteElo "2585"]
[BlackElo "2024"]
[Result "1-0"]
[Round "01"]
[TimeControl "180+1"]
[Date "2022.12.14"]
[WhiteClock "0:01:40"]
[BlackClock "0:00:51"]

1. e4 c5 2. Nc3 Nc6 3. b3 g6 4. Bb2 Bg7 5. h4 h5 6. Bc4 e6 7. Nf3 Nge7 8. O-O d5 9. Bb5 dxe4 10. Ng5 f5 11. d3 exd3 12. Bxd3 O-O 13. Re1 Nd5 14. Nxd5 Bxb2 15. Rb1 Bg7 16. Nf4 Nd4 17. c3 e5 18. Bc4+ Kh8 19. Nxg6# 1-0


[Site "https://www.chess.com"]

[Event "Titled Tuesday Blitz December 13 Early 2022"]
[White "Mihajlov, Sebastian"]
[Black "Sala, Giulia"]
[WhiteFideId "1512110"]
[BlackFideId "2840451"]
[WhiteElo "2464"]
[BlackElo "1769"]
[Result "1-0"]
[Round "01"]
[TimeControl "180+1"]
[Date "2022.12.14"]
[WhiteClock "0:00:20"]
[BlackClock "0:02:01"]

1. e4 b6 2. d4 Bb7 3. Nc3 e6 4. Bd3 d5 5. e5 c5 6. dxc5 bxc5 7. Nf3 Nc6 8. O-O Qc7 9. Re1 Nge7 10. Nb5 Qb6 11. Nd6+ Kd7 12. Nxf7 Rg8 13. Bxh7 g6 14. Bxg8 Nxg8 15. c4 Ke8 16. cxd5 Kxf7 17. Ng5+ Ke8 18. dxc6 Qxc6 19. f3 c4 20. Qe2 Rd8 21. Be3 Ne7 22. Rad1 Nd5 23. Bf2 Be7 24. Ne4 Bb4 25. Rf1 Kf7 26. a3 Ba5 27. Ng5+ Kg7 28. Qe4 Qb5 29. Nxe6+ Kg8 30. Nxd8 Ne3 31. Qxe3 Qxb2 32. Nxb7 Qxb7 33. e6 1-0


[Site "https://www.chess.com"]

[Event "Titled Tuesday Blitz December 13 Early 2022"]
[White "Milikow, Yoav"]
[Black "Tomaszewski, Kacper"]
[WhiteFideId "2822237"]
[BlackFideId "1127373"]
[WhiteElo "2416"]
[BlackElo "2211"]
[Result "1-0"]
[Round "01"]
[TimeControl "180+1"]
[Date "2022.12.14"]
[WhiteClock "0:00:29"]
[BlackClock "0:00:02"]

1. d4 d5 2. c4 e6 3. Nc3 Nf6 4. cxd5 exd5 5. Bg5 c6 6. e3 Bf5 7. Qf3 Bc8 8. Bxf6 Qxf6 9. Qxf6 gxf6 10. Bd3 Nd7 11. Nf3 Nb6 12. Nh4 a5 13. Ne2 Nc4 14. Rb1 b5 15. Ng3 Bb4+ 16. Ke2 Bd7 17. Rhc1 a4 18. Bf5 Nd2 19. Ra1 Nc4 20. Rc2 Nd6 21. Bxd7+ Kxd7 22. Nhf5 a3 23. b3 h5 24. Nxd6 Bxd6 25. Nf5 h4 26. Rac1 Ra6 27. Kf3 Rh5 28. Nxd6 Kxd6 29. Kg4 Rg5+ 30. Kh3 Kd7 31. f4 Rh5 32. Kg4 Rh6 33. Kf5 Rb6 34. Kg4 Ra6 35. Kh3 Rb6 36. b4 Ra6 37. Rc3 Ra4 38. Rxc6 Rxb4 39. f5 Ke7 40. Rc8 Rc4 41. R1xc4 bxc4 42. Ra8 Kd6 43. Rxa3 Rh5 44. Ra6+ Ke7 45. Ra7+ Kd6 46. Kg4 Rg5+ 47. Kf4 Rxg2 48. Rxf7 Rxa2 49. Rxf6+ Kd7 50. Ke5 c3 51. Rd6+ Ke7 52. f6+ Kf7 53. Rd7+ Kg6 54. Rg7+ Kh6 55. Rc7 c2 56. Kxd5 h3 57. Ke4 1-0


[Site "https://www.chess.com"]

[Event "Titled Tuesday Blitz December 13 Early 2022"]
[White "Milosevic, Milos"]
[Black "Bernat, David"]
[WhiteFideId "964875"]
[BlackFideId "2099225"]
[WhiteElo "2314"]
[BlackElo "2316"]
[Result "1-0"]
[Round "01"]
[TimeControl "180+1"]
[Date "2022.12.14"]
[WhiteClock "0:01:11"]
[BlackClock "0:00:43"]

1. e4 c5 2. Nf3 g6 3. h4 h5 4. d4 cxd4 5. c3 Bg7 6. Bc4 e6 7. cxd4 d5 8. exd5 exd5 9. Bb5+ Nc6 10. O-O Ne7 11. Bg5 O-O 12. Re1 Be6 13. Nc3 Qb6 14. Qd2 Nf5 15. Bxc6 bxc6 16. Na4 Qb5 17. Nc5 Rae8 18. a4 Qb6 19. b4 Bc8 20. Bf4 Qd8 21. g3 Rxe1+ 22. Rxe1 Re8 23. Be5 Bh6 24. Bf4 Bg7 25. Ne5 Nd6 26. Nxc6 Rxe1+ 27. Qxe1 Qf6 28. Bxd6 Qxd6 29. Qe8+ Qf8 30. Qxc8 1-0


[Site "https://www.chess.com"]

[Event "Titled Tuesday Blitz December 13 Early 2022"]
[White "Minko, Dmitry"]
[Black "Piorun, Kacper"]
[WhiteFideId "24188468"]
[BlackFideId "1130420"]
[WhiteElo "2147"]
[BlackElo "2572"]
[Result "0-1"]
[Round "01"]
[TimeControl "180+1"]
[Date "2022.12.14"]
[WhiteClock "0:00:09"]
[BlackClock "0:00:13"]

1. e4 d5 2. exd5 Qxd5 3. d4 Nf6 4. Be3 g6 5. h3 Bg7 6. Nf3 O-O 7. Nbd2 b6 8. c4 Qd8 9. Be2 Bb7 10. O-O e6 11. b4 Nc6 12. Qb3 Ne7 13. Rfd1 Nf5 14. Nf1 Nxe3 15. Nxe3 Ne4 16. Rac1 a5 17. a3 axb4 18. axb4 Qe7 19. Ne5 c5 20. Nf3 cxb4 21. d5 Nc3 22. Rd2 Nxe2+ 23. Rxe2 Ra3 24. Qd1 Qc5 25. Rb1 Rd8 26. Rd2 Bc3 27. Rd3 exd5 28. Nxd5 Kg7 29. Nxb4 Rxd3 30. Nxd3 Qxc4 31. Rxb6 Ra1 32. Rb1 Rxb1 33. Qxb1 Be4 34. Nfe5 Bxe5 35. Nxe5 Qd5 36. Qb2 Qd1+ 37. Kh2 Qd6 38. f4 f6 39. Ng4 Qxf4+ 40. Kg1 h5 41. Nf2 Bd5 42. Qe2 Qc1+ 43. Kh2 Qc7+ 44. Kg1 Kf7 45. Nd1 Qc1 46. Kh2 Qf4+ 47. Kg1 Qd4+ 48. Kh2 h4 49. Ne3 Qe5+ 50. Kg1 Be6 51. Qf2 g5 52. Ng4 Bxg4 53. hxg4 Qa1+ 54. Kh2 Qe5+ 55. Kg1 Kg6 56. Qc2+ Kh6 57. Qc6 Qe7 58. Qf3 Kg7 59. Qf5 Kf7 60. Qd5+ Qe6 61. Qb7+ Kg6 62. Qb1+ Kg7 63. Qb7+ Kh6 64. Qf3 Qe1+ 65. Kh2 Qe5+ 66. Kg1 Kg6 67. Qd3+ Kf7 68. Qc4+ Ke7 69. Qb4+ Ke6 70. Qb6+ Kd5 71. Qb3+ Ke4 72. Qf3+ Kd4 73. Kf1 Kc4 74. Qc6+ Kd3 75. Kg1 Qe3+ 76. Kh1 Qe1+ 77. Kh2 Qg3+ 78. Kg1 Qf4 79. Qd5+ Ke2 80. Qb5+ Kd1 81. Qb1+ Qc1 82. Qd3+ Qd2 83. Qf5 Qe1+ 84. Kh2 Qe5+ 85. Kh3 Qxf5 86. gxf5 Ke2 87. Kg4 Kf2 88. Kh5 Kxg2 89. Kg6 h3 90. Kxf6 h2 91. Kxg5 h1=Q 92. Kg6 Qh8 93. f6 Qf8 94. f7 Kf3 95. Kf6 Ke4 96. Ke6 Kd4 97. Kf6 Kd5 0-1


[Site "https://www.chess.com"]

[Event "Titled Tuesday Blitz December 13 Early 2022"]
[White "Mogirzan, Matei-Valeriu"]
[Black "Bazarov, Konstantin"]
[WhiteFideId "1257455"]
[BlackFideId "4137000"]
[WhiteElo "1733"]
[BlackElo "2228"]
[Result "0-1"]
[Round "01"]
[TimeControl "180+1"]
[Date "2022.12.14"]
[WhiteClock "0:00:03"]
[BlackClock "0:00:21"]

1. e4 b6 2. d4 Bb7 3. Nc3 e6 4. Nf3 Bb4 5. Bd3 Nf6 6. e5 Nd5 7. Bd2 Nxc3 8. bxc3 Be7 9. O-O d6 10. Qe2 Nd7 11. exd6 cxd6 12. c4 O-O 13. c3 Re8 14. Rae1 Qc7 15. Bg5 Bf8 16. Bf4 Rac8 17. Bb1 Qxc4 18. Bxh7+ Kxh7 19. Ng5+ Kg6 20. Qg4 Nf6 21. Qg3 Nh5 22. Qg4 f5 23. Qh4 Qd5 24. Nf3 Nxf4 25. Qxf4 Be7 26. Re5 dxe5 27. Nxe5+ Kh7 28. Qg3 Qxg2+ 29. Qxg2 Bxg2 30. Kxg2 0-1


[Site "https://www.chess.com"]